 Dungeon Crawl Stone Soup version 0.13.0-59-g13bd910 (webtiles) character file.

270 Lilouch the Firebug (level 5, -5/35 HPs)
             Began as a Mummy Fire Elementalist on Nov 22, 2013.
             Killed by an exploding giant spore (40 damage)
             ... on Level 4 of the Dungeon.
             The game lasted 00:24:03 (4837 turns).

Lilouch the Firebug (Mummy Fire Elementalist)       Turns: 4837, Time: 00:24:06

HP  -5/35        AC  3     Str 17      XL: 5   Next: 53%
MP  11/11        EV 12     Int 15      God:
Gold 65          SH  0     Dex 12      Spells:  4 memorised,  1 level left

Res.Fire  : x . .   See Invis. : .   r - +1,+0 short sword (freeze)
Res.Cold  : + . .   Warding    : .   v - +1 robe
Life Prot.: + + +   Conserve   : .   (no shield)
Res.Poison: +       Res.Corr.  : .   (no helmet)
Res.Elec. : .       Clarity    : .   (no cloak)
Sust.Abil.: . .     Spirit.Shd : .   (no gloves)
Res.Mut.  : .       Stasis     : .   (no boots)
Res.Rott. : +       Flight     : .   (no amulet)
Saprovore : . . .                    (no ring)
                                     q - +6 ring of strength

@: slightly resistant to hostile enchantments, unstealthy
A: no food or potions, fire vulnerability, restore body, cold resistance 1, life
protection 3, poison resistance, torment resistance, unbreathing
a: no special abilities


You were on level 4 of the Dungeon.
You were not hungry.

You visited 1 branch of the dungeon, and saw 4 of its levels.

You collected 45 gold pieces.

Inventory:

Hand weapons
 f - a +1,+0 elven dagger
 g - a +0,+2 orcish mace of crushing
 i - a +0,+1 dwarven dagger
 k - a +0,+0 spear
 l - a +0,+0 spear
 o - a +0,+0 hand axe
 r - a +1,+0 short sword of freezing (weapon)
 s - a +0,+0 dagger (quivered)
 u - a +0,+0 dagger
 x - a +0,+0 elven dagger
 y - a +1,+4 orcish dagger of electrocution
Missiles
 d - 8 darts of frost
 e - 41 arrows
 m - 28 sling bullets
Armour
 a - a +0 robe
 v - a +1 robe (worn)
Scrolls
 c - 2 scrolls of identify {unknown}
 h - a scroll of amnesia {unknown}
 j - 4 scrolls of fog {unknown}
 n - 3 scrolls of noise {unknown}
 p - a scroll of random uselessness {unknown}
 t - a scroll of remove curse {unknown}
 w - a scroll of fear {unknown}
Jewellery
 q - a +6 ring of strength (left hand)
Books
 b - a book of Flames

   Spells                             Type                      Level
   *Flame Tongue                      Conjuration/Fire             1
   *Throw Flame                       Conjuration/Fire             2
   *Conjure Flame                     Conjuration/Fire             3
   Inner Flame                        Hexes/Fire                   3
   *Sticky Flame                      Conjuration/Fire             4
   Fireball                           Conjuration/Fire             5


   Skills:
 - Level 1.5 Dodging
 - Level 1.5 Stealth
 * Level 3.5 Spellcasting
 + Level 1.8 Conjurations
 + Level 3.6 Fire Magic


You had one spell level left.
You knew the following spells:

 Your Spells              Type           Power        Failure   Level  Hunger
a - Flame Tongue          Conj/Fire      ##...        8%          1    N/A
b - Throw Flame           Conj/Fire      ##....       12%         2    N/A
c - Conjure Flame         Conj/Fire      ##......     21%         3    N/A
d - Sticky Flame          Conj/Fire      ##......     67%         4    N/A

Dungeon Overview and Level Annotations

Branches:
Dungeon (4/27)
 Temple: D:4-7

Altars:
Ashenzari
the Shining One

Annotations:
D:3 teukkam's ghost, average DrAK


Innate Abilities, Weirdness & Mutations

You do not eat or drink.
Your flesh is vulnerable to fire.
Your flesh is cold resistant.
You are immune to negative energy.
Your system is resistant to poisons.
You are immune to unholy pain and torment.
You can survive without breathing.


Message History

The flame hits the quokka skeleton.
You destroy the quokka skeleton!
You start resting.
Your magical contamination has completely faded away.
You start resting.
Magic restored.
u - an uncursed dagger
s - an uncursed dagger
i - a dwarven dagger You open the door.
There is an open door here.
You see here 23 arrows.
A goblin comes into view.
As you open the door, it creaks loudly!
A giant spore comes into view.
The giant spore waves its rhizomes.
The giant spore explodes!
A fungus suddenly grows.
The explosion of spores engulfs you!
Ouch! That really hurt!
You die...

... #.. ##.. ...#
..###### ..#....#
#f#.##'########
.#######'#.........%..
....g...@.(...........
.......................
......................
.......................
........#..............
#####..#..............
#..#.!....%........
........##.........
..#######.........


You could see a goblin.

Vanquished Creatures
  2 orc wizards (D:4)
  Jessica (D:2)
  5 adders
  3 worms
  3 giant geckos
  An ooze (D:1)
  2 orcs (D:4)
  4 giant cockroaches
  4 goblins
  8 hobgoblins
  3 jackals (D:3)
  14 bats
  3 giant newts
  A jackal skeleton (D:4)
  14 kobolds
  A quokka skeleton (D:4)
  6 rats
  A toadstool (D:1)
76 creatures vanquished.

Vanquished Creatures (others)
  An orc (D:4)
  3 toadstools (D:1)
4 creatures vanquished.

Grand Total: 80 creatures vanquished

Notes
Turn   | Place    | Note
--------------------------------------------------------------
     0 | D:1      | Lilouch, the Mummy Fire Elementalist, began the quest for the Orb.
     0 | D:1      | Reached XP level 1. HP: 13/13 MP: 3/3
   435 | D:1      | Reached skill level 1 in Conjurations
   453 | D:1      | Reached XP level 2. HP: 11/19 MP: 0/4
  1586 | D:2      | Reached XP level 3. HP: 18/24 MP: 0/6
  1933 | D:2      | Found a glowing golden altar of the Shining One.
  2090 | D:2      | Noticed Jessica
  2096 | D:2      | Learned a level 2 spell: Throw Flame
  2099 | D:2      | Killed Jessica
  2099 | D:2      | Reached skill level 3 in Fire Magic
  2100 | D:2      | Reached XP level 4. HP: 30/30 MP: 1/8
  3615 | D:3      | Found a shattered altar of Ashenzari.
  3754 | D:3      | Reached XP level 5. HP: 30/35 MP: 7/10
  3932 | D:3      | Noticed teukkam's ghost (average DrAK)
  3937 | D:3      | Learned a level 3 spell: Conjure Flame
  4301 | D:4      | Learned a level 4 spell: Sticky Flame
  4837 | D:4      | Killed by an exploding giant spore

Action                   |  1- 3 |  4- 6 || total
-------------------------+-------+-------++-------
Melee: Hand axe          |     6 |       ||     6
       Unarmed           |     4 |       ||     4
       Club              |     3 |       ||     3
       Whip              |     8 |       ||     8
       Short sword       |       |    12 ||    12
       Spear             |       |     4 ||     4
Throw: Club              |     9 |       ||     9
       Dart              |     3 |     3 ||     6
       Spear             |    11 |     4 ||    15
       Dagger            |     5 |    33 ||    38
       Hand axe          |     4 |     3 ||     7
 Cast: Flame Tongue      |    61 |    85 ||   146
       Throw Flame       |       |     5 ||     5
       Conjure Flame     |       |     1 ||     1
